 Dungeon Crawl Stone Soup version 0.32-a0-675-gdc239d62e1 (webtiles) character file.

Game seed: 13186523074146980033

32 senseless the Slasher (level 3, -2/43 HPs)
             Began as a Coglin Berserker on Mar 11, 2024.
             Was a Follower of Trog.
             Slain by a goblin
             ... wielding a +0 club
             ... led by Robin
              (4 damage)
             ... on level 2 of the Dungeon.
             The game lasted 00:01:38 (662 turns).

senseless the Slasher (Coglin Berserker)             Turns: 662, Time: 00:01:39

Health: -2/43      AC:  2    Str: 17    XL:     3   Next: 25%
Magic:  3/3        EV: 12    Int:  6    God:    Trog [*.....]
Gold:   41         SH:  0    Dex: 15    Spells: 2/2 levels left

rFire   . . .        a - +0 falchion {Javier}
rCold   . . .        c - +0 dagger {Carlos}
rNeg    . . .        b - +0 animal skin
rPois   .            (no helmet)
rElec   .            (no cloak)
rCorr   .            (no gloves)
SInv    .            (no boots)
Will    .....        (amulet unavailable) Stlth
                     (ring unavailable)
HPRegen 0.27/turn    (ring unavailable)
MPRegen 0.08/turn    (no gizmo)

%: no passive effects
@: berserking, revving, very quick
A: off-hand wielding, slow wielding, warmup strikes, no jewellery
a: Invent Gizmo, Renounce Religion, Berserk


You were on level 2 of the Dungeon.
You worshipped Trog.
Trog was aware of your devotion.
You visited 1 branch of the dungeon, and saw 2 of its levels.

You collected 41 gold pieces.

Inventory:

Hand Weapons
 a - a +0 falchion (weapon) {Javier}
 c - a +0 dagger (offhand) {Carlos}
Armour
 b - a +0 animal skin (worn)
Scrolls
 e - a scroll of vulnerability {unknown}
 f - a scroll of blinking {unknown}
Potions
 d - a potion of attraction {unknown}


   Skills:
 * Level 3.3 Fighting
 * Level 3.4 Long Blades
 + Level 2.1 Armour
 * Level 2.2 Dodging


You had 2 spell levels left.
You didn't know any spells.
Your spell library contained the following spells:

 Spells                   Type           Power      Damage    Failure   Level
 Cigotuvi's Dreadful Rot  Necr/Alch/Air  0%         N/A       58%         2
 Ignite Poison            Fire/Alch      0%         N/A       99%         4
 Freezing Cloud           Conj/Ice/Air   0%         6-21      100%        5


Dungeon Overview and Level Annotations

Branches:
Dungeon (2/15)

Altars:


Innate Abilities, Weirdness & Mutations

You can wield a second weapon in your off-hand.
It takes a long time for you to wield or remove held weapons.
Your first few attacks do less damage.
You cannot equip rings or amulets.


Message History

Robin roars a battlecry!
The goblins go into a battle-frenzy!
The goblin hits you with a +0 club. The goblin barely misses you.
Robin barely misses you. The goblin hits you with a +0 club.
The hobgoblin closely misses you.
There is a stone staircase leading up, spattered with blood here.
A red film seems to cover your vision as you go berserk!
You feel yourself moving faster!
You feel mighty! The hobgoblin barely misses you.
The goblin hits you with a +0 club. The goblin misses you.
The hobgoblin hits you. Robin closely misses you.
You barely miss Robin with your +0 dagger.
You slash Robin with your +0 falchion! You hit Robin with your +0 dagger.
Robin is almost dead.
You barely miss Robin with your +0 falchion.
The hobgoblin hits you. The goblin closely misses you.
Robin hits you with a +0 falchion. The hobgoblin barely misses you.
The goblin hits you but does no damage.
You slash Robin with your +0 falchion!
You kill Robin!
Trog accepts your kill. The goblin hits you with a +0 club.
The hobgoblin hits you.
* * * LOW HITPOINT WARNING * * *
The hobgoblin hits you.
* * * LOW HITPOINT WARNING * * *
The goblin barely misses you.
You have reached level 3!
Your experience leads to an increase in your attributes!
Increase (S)trength, (I)ntelligence, or (D)exterity?
You feel agile. x2
Your brain swirls with designs for a recursive thermosamoflange.
You just need some more time...
You are too berserk!
You closely miss the adder with your +0 falchion.
You closely miss the adder with your +0 dagger.
The adder closely misses you.
You miss the adder with your +0 falchion.
You hit the adder with your +0 dagger. The goblin hits you with a +0 club.
* * * LOW HITPOINT WARNING * * *
The hobgoblin closely misses you. The goblin hits you with a +0 club.
You die...

.# .# . ..
.. .# .# .#
..#
####.#...#.
#.g.g......
#@g......
#gS##....
#.... .
.......
##.##....
.. .#.# .#
# # .#


You could see an adder, 2 hobgoblins and 2 goblins.

Vanquished Creatures
  Robin (D:2)
  A dart slug (D:1)
  A bat (D:1)
  2 endoplasms (D:1)
  4 goblins (D:1)
  4 hobgoblins (D:1)
  A kobold (D:1)
  A quokka (D:1)
  A rat (D:1)
16 creatures vanquished.

Notes
Turn   | Place    | Note
-------+----------+-------------------------------------------
     0 | D:1      | senseless the Coglin Berserker began the quest for the Orb.
     0 | D:1      | Reached XP level 1. HP: 18/18 MP: 1/1
   258 | D:1      | Reached XP level 2. HP: 19/24 MP: 2/2
   515 | D:2      | Noticed Robin
   660 | D:2      | Killed Robin
   661 | D:2      | Reached XP level 3. HP: 5/29 MP: 3/3
   662 | D:2      | HP: 2/43 [goblin/+0 club[Robin] (3)]
   662 | D:2      | Slain by a goblin

Illustrated notes

Levels and vault maps discovered:
D:1:      minmay_arrival_hallway, layout_rooms, amcnicky_mini_corridor_feature
D:2:      layout_basic, dreamdust_ecumenical_altar_drowned_temple, uniq_sigmund,
          uniq_terence, uniq_robin

Skill      XL: |  1  2 |
---------------+-------+-----
Dodging        | 2 |  2.2
Armour         | 2 |  2.1
Fighting       | |  3.3
Long Blades    | |  3.4

Action                     || total
---------------------------++-------
  Melee: Falchion          ||    39
         Dagger            ||    32
 Invoke: Berserk           ||     1
 Armour: Animal skin       ||    33
  Dodge: Dodged            ||    32

Table legend: (Time is in decaauts)
 A = Elapsed time spent in this place.
 B = Non-inter-level travel time spent in this place.
 C = Inter-level travel time spent in this place.
 D = Time resting spent in this place.
 E = Time spent auto-exploring this place.
 F = Levels seen in this place.
 G = Mean time per level.
                   A        B        C        D        E       F      G
               +--------+--------+--------+--------+--------+-----+--------+
         Total |    663 |    632 |     31 |    110 |    405 |   2 |  331.5 |
       Dungeon |    663 |    632 |     31 |    110 |    405 |   2 |  331.5 |
               +--------+--------+--------+--------+--------+-----+--------+

Top non-repeatable levels by time:
     D:1: 653 daAuts
     D:2: 10 daAuts
